 Dungeon Crawl Stone Soup version 0.26.1-2-gb8aa6d0cf2 (webtiles) character file.

Game seed: 13623677913534702035

59 Chiseanne the Skirmisher (level 3, -7/48 HPs)
             Began as a Demonspawn Wanderer on Mar 3, 2021.
             Killed from afar by Robin (8 damage)
             ... with a puff of flame
             ... on level 2 of the Dungeon.
             The game lasted 00:01:42 (1353 turns).

Chiseanne the Skirmisher (Demonspawn Wanderer)      Turns: 1353, Time: 00:01:42

Health: -7/48      AC: 21    Str:  7 (10) XL:     3   Next: 78%
Magic:  3/3        EV:  2    Int: 15 (16) God:
Gold:   82         SH:  0    Dex:  9 (12) Spells: 2/2 levels left

rFire    . . .     SeeInvis .   a - +2 spear
rCold    . . .     Faith    .   (no shield)
rNeg     + + +     Spirit   .   (armour currently unavailable)
rPois    +         Reflect  .   (helmet currently unavailable)
rElec    .         Harm     .   (cloak currently unavailable)
rCorr    .         Rampage  .   (gloves currently unavailable)
Will     .....     NoTele   +   (boots currently unavailable)
Stlth    +.........             (no amulet)
HPRegen  0.16/turn              (no ring)
MPRegen  0.08/turn              (no ring)

@: tree-form
A: miasma immunity
a: no special abilities


You were on level 2 of the Dungeon.
You were a tree.
You visited 1 branch of the dungeon, and saw 2 of its levels.

You collected 82 gold pieces.

Inventory:

Hand Weapons
 a - a +2 spear (weapon)
Missiles
 f - 4 boomerangs (quivered)
 g - 17 sling bullets
 i - 61 stones
 j - 18 poisoned darts
Armour
 c - a +1 robe (melded)
Scrolls
 d - 2 scrolls of identify
 e - a scroll of teleportation
 h - a scroll of immolation {unknown}
 l - a scroll of remove curse
Potions
 b - a potion of lignification


   Skills:
 * Level 4.8 Fighting
 - Level 1.0 Throwing
 - Level 3.6 Armour
 * Level 2.1 Dodging
 - Level 1.0 Shields


You had 2 spell levels left.
You didn't know any spells.
Your spell library was empty.

Dungeon Overview and Level Annotations

Branches:
Dungeon (2/15)

Altars:

Annotations:
D:2 Robin, Sigmund


Innate Abilities, Weirdness & Mutations

You are immune to miasma.


Message History

You hit the goblin.
You kill the goblin!
Robin throws the goblin at you!
* * * LOW HITPOINT WARNING * * *
Really quaff the potion of lignification?
You turn into a tree.
Your +1 robe melds into your body.
Your roots penetrate the ground.
Something hits you.
* * * LOW HITPOINT WARNING * * *
The goblin hits you but does no damage.
It was a potion of degeneration.
There was something very wrong with that liquid.
You feel weakened.
You feel dopey.
You feel clumsy. The goblin hits you but does no damage.
Robin hits you but does no damage. Something hits you but does no damage.
A goblin comes into view. It is wielding a +0 dagger.
The goblin hits you but does no damage.
You hit the goblin.
You kill the goblin!
Robin zaps a wand.
The puff of flame hits you!
You die...

.?....# g.g..# .@..
#####.# #.††g.##
#g###g.##
########g#.......
###
......†.gg.........
..
########♣#.#...####
#. #)#.#.#..... #.
#.#.#.#.....#####.
#.#.#.##..........
#.#.#.# .........
#.#.#.# .........
#.#.#.# #+##......
##.#.#.###..#......
#.......# #.#......


You could see Robin and 4 goblins.

Vanquished Creatures
  An adder (D:2)
  2 oozes (D:1)
  A dart slug (D:1)
  14 goblins
  3 hobgoblins
  7 kobolds
  A quokka (D:2)
  3 bats
  A frilled lizard (D:1)
  4 rats
37 creatures vanquished.

Notes
Turn   | Place    | Note
-------+----------+-------------------------------------------
     0 | D:1      | Chiseanne the Demonspawn Wanderer began the quest for the
                  | Orb.
     0 | D:1      | Chiseanne set off with the following items: a +2 spear, 2
                  | potions of lignification, a +0 robe
     0 | D:1      | Reached XP level 1. HP: 19/19 MP: 1/1
    63 | D:1      | Reached skill level 1 in Dodging
    63 | D:1      | Gained mutation: You are immune to miasma. [demonic
                  | ancestry]
    63 | D:1      | Reached XP level 2. HP: 16/25 MP: 2/2
   493 | D:1      | Reached XP level 3. HP: 31/31 MP: 3/3
  1335 | D:2      | Noticed Robin
  1339 | D:2      | Noticed Sigmund
  1351 | D:2      | HP: 1/48 [something (4)]
  1353 | D:2      | Killed from afar by Robin

Illustrated notes

Levels and vault maps discovered:
D:1:      lightli_arrival_quake, layout_basic
D:2:      layout_basic, uniq_sigmund, uniq_robin

Skill      XL: |  1  2  3 |
---------------+----------+-----
Dodging        | 1 2 |  2.1
Fighting       | |  4.8
Throwing       | |  1.0
Armour         | |  3.6
Shields        | |  1.0

Action                   || total
-------------------------++-------
Melee: Spear             ||   111
  Use: Scroll            ||     3
       Potion            ||     2
Armor: Robe              ||    15
       Skin              ||     5
Dodge: Dodged            ||    45
